cohdb
Replays
Latest Replays
All Replays
Popular Replays
Top Player Replays
Match Explorer
How It Works
Community
CoH3 Stats
Reddit
Sign in to upload your games and track your stats! →
Sign in with Steam
Match 45666097
Unlisted
Match 45666097
Overview
Messages
Build Orders
End
Construct Section Command Post
Selects Air and Sea Battlegroup
Infantry Section
Infantry Section
Infantry Section
Selects Supply Surplus
Construct Field Infirmary
Construct Platoon Command Post
Infantry Training
Selects Commando Section Paradrop
Commando Section Paradrop
Forward Retreat Point
Construct Company Command Post
Selects UNKNOWN (223837)
Selects Commando Support Section Paradrop
Centaur IV Medium Tank
Grenade Package
Commando Support Section Paradrop
Unlock M3 Grant Medium Tanks
Construct Resource Cache
Team Weapon Training
M3 Grant Medium Tank
M3 Grant Medium Tank
Armored Vehicle Training
VeeDemo
wildwolfuk
vitofan
苦寻成都富婆
Trusty Rumbone
Cornflake
0
0
Comments
sign in to comment!
No comments posted yet!